 Dungeon Crawl Stone Soup version 0.31.0 (webtiles) character file.

Game seed: 4898997215609040747

42 qw the Shooter (level 3, -2/22 HPs)
             Began as a Gargoyle Hunter on Jan 19, 2024.
             Killed by divine providence
             ... invoked by an orc priest
              (17 damage)
             ... on level 3 of the Dungeon.
             The game lasted 00:00:04 (1436 turns).

qw the Shooter (Gargoyle Hunter)                    Turns: 1436, Time: 00:00:05

Health: -2/22      AC:  6    Str: 14    XL:     3   Next: 54%
Magic:  3/3        EV: 11    Int:  9    God:
Gold:   96         SH:  0    Dex: 15    Spells: 2/2 levels left

rFire   . . .        a - +0 shortbow
rCold   . . .        (shield currently unavailable)
rNeg    + . .        c - +0 leather armour
rPois   inf          (no helmet)
rElec   +            (no cloak)
rCorr   .            (no gloves)
SInv    .            (no boots)
Will    +....        (no amulet)
Stlth   +            (no ring)
HPRegen 0.23/turn    (no ring)
MPRegen 0.08/turn

%: no passive effects
@: confused, enlightened, flying
A: sickness immunity, AC +3, negative energy resistance 1, electricity
resistance, torment resistance 1, petrification resistance
a: no special abilities


You were on level 3 of the Dungeon.
You visited 1 branch of the dungeon, and saw 3 of its levels.

You collected 96 gold pieces.


Innate Abilities, Weirdness & Mutations

You are immune to sickness and miasma.
Your stone body is resilient. (AC +3)
You are immune to poison.
You resist negative energy. (rN+)
You are resistant to electric shocks. (rElec)
You are resistant to unholy torment.
You are immune to petrification.


   Skills:
 + Level 2.7 Fighting
 - Level 5.0 Ranged Weapons
 - Level 1.5 Dodging
 - Level 1.1 Stealth


You had 2 spell levels left.
You didn't know any spells.
Your spell library was empty.

Inventory:

Hand Weapons
 a - a +0 shortbow (weapon)
Armour
 c - a +0 leather armour (worn)
Potions
 d - 2 potions of might

Dungeon Overview and Level Annotations

Branches:
Dungeon (3/15)

Altars:
Ru


Message History

There is a stone staircase leading down, spattered with blood here.
You see here a +0 dagger.
You climb downwards.
There is a stone staircase leading up here.
Waypoint 2 assigned to D:3.
An orc wizard comes into view. It is wielding a +0 dagger.
The orc wizard shouts!
You hear a shout!
An orc comes into view. It is wielding a +0 trident.
You shoot an arrow.
The arrow closely misses the orc wizard.
The orc shouts!
You hear a shout!
An orc comes into view. It is wielding a +0 club.
You shoot an arrow.
The arrow closely misses the orc wizard.
You shoot an arrow. The arrow hits the orc wizard.
The orc wizard is moderately wounded.
An orc wizard comes into view. It is wielding a +0 dagger.
You shoot an arrow. The arrow barely misses the orc wizard.
The orc wizard shouts!
The arrow hits the orc!
You kill the orc!
The orc wizard gestures at you while chanting.
You are confused.
An orc comes into view. It is wielding a +0 dagger.
1435 ||| DRINKING bubbling emerald potion.
It was a potion of enlightenment.
You feel very buoyant.
You fly up into the air.
The orc shouts!
You hear a shout! x2
An orc priest comes into view. It is wielding a +0 whip.
An orc comes into view. It is wielding a +0 hand axe.
1436 ||| DRINKING red potion.
It was a potion of heal wounds.
You feel much better.
The orc wizard points at you and mumbles some strange words.
The puff of flame hits you!
The orc priest calls down the wrath of Beogh upon you.
Beogh smites you!
Ouch! That really hurt!
You die... oo

o# ) #o
.### o.#
#.#
#@#########
#........<#
###########


You could see an orc priest, an orc wizard and 3 orcs.

Vanquished Creatures
  A dart slug (D:1)
  A ribbon worm (D:2)
  An orc (D:3)
  3 endoplasms
  A giant cockroach (D:1)
  4 goblins
  4 hobgoblins
  3 kobolds
  2 quokkas (D:1)
  2 ball pythons (D:1)
  4 bats
  3 frilled lizards (D:1)
  5 rats
34 creatures vanquished.

Notes
Turn   | Place    | Note
-------+----------+-------------------------------------------
     0 | D:1      | qw the Gargoyle Hunter began the quest for the Orb.
     0 | D:1      | Reached XP level 1. HP: 12/12 MP: 1/1
     0 | D:1      | 0 ||| qw: Version: 0.3-a-132-g3d54051
     0 | D:1      | 0 ||| qw: Game counter: 388
     0 | D:1      | 0 ||| qw: Melee chars always use a shield: true
     0 | D:1      | 0 ||| qw: God list: Okawaru
     0 | D:1      | 0 ||| qw: Allow faded altars: false
     0 | D:1      | 0 ||| qw: Do Orc after clearing Dungeon:15 true
     0 | D:1      | 0 ||| qw: Do second Lair branch before Depths: true
     0 | D:1      | 0 ||| qw: Lair rune preference: random
     0 | D:1      | 0 ||| qw: Goals: Normal
     0 | D:1      | 0 ||| PLANNING D:1-11
   111 | D:1      | Reached XP level 2. HP: 17/17 MP: 2/2
   154 | D:1      | Found a faded altar of an unknown god.
   155 | D:1      | 155 ||| READING scroll labelled UFOMPE ARAROIRGH.
   445 | D:1      | Reached XP level 3. HP: 21/21 MP: 3/3
   674 | D:1      | 674 ||| READING 2 scrolls labelled ETEOCVIZATI.
   675 | D:1      | 675 ||| DRINKING 2 smoky inky potions.
   676 | D:1      | 676 ||| DROPPING scroll of butterflies.
   677 | D:1      | 677 ||| DROPPING scroll of fear.
   759 | D:2      | Reached skill level 5 in Ranged Weapons
   762 | D:2      | 762 ||| STAIRDANCE
   785 | D:2      | 785 ||| STAIRDANCE
   914 | D:2      | Found a sacrificial altar of Ru.
  1293 | D:2      | 1293 ||| READING 2 scrolls labelled GAAMUPENUR.
  1294 | D:2      | 1294 ||| FLEEEEING.
  1404 | D:2      | 1404 ||| READING 2 scrolls labelled KEFENI KANUJA.
  1404 | D:2      | 1404 ||| IDENTIFYING silvery potion
  1405 | D:2      | 1405 ||| READING scroll of identify.
  1405 | D:2      | 1405 ||| IDENTIFYING orange potion
  1406 | D:2      | 1406 ||| DROPPING potion of degeneration.
  1407 | D:2      | 1407 ||| DROPPING scroll of silence.
  1408 | D:2      | 1408 ||| DROPPING potion of invisibility.
  1435 | D:3      | 1435 ||| DRINKING bubbling emerald potion.
  1436 | D:3      | 1436 ||| DRINKING red potion.
  1436 | D:3      | Killed from afar by an orc priest

Levels and vault maps discovered:
D:1:      scummos_arrival_hexagon, layout_basic,
          hellmonk_ecumenical_altar_inner_sanctum
D:2:      layout_basic, basic_altar
D:3:      minmay_goblin_kobold_castle, layout_basic, lemuel_round_altar,
          nicolae_ashenzari_skybound,
          nicolae_gozag_cash_rules_everything_around_me

Skill      XL: |  1  2  3 |
---------------+----------+-----
Ranged Weapons | 5 |  5.0
Fighting       | |  2.7
Dodging        | |  1.5
Stealth        | |  1.1

Action                     || total
---------------------------++-------
   Fire: Shortbow          ||    99
    Use: Scroll            ||     5
         Potion            ||     3
 Armour: Leather armour    ||    24
  Dodge: Dodged            ||    15

Table legend:
 A = Non-vault XP
 B = Vault XP
 C = Vault XP percentage of total XP
 D = Non-vault monster count
 E = Vault monster count
 F = Vault count percentage of total count
                 A         B        C        D         E       F
            +---------+---------+-------+---------+---------+-------
      Total |      60 |       0 |   0.0 |      34 |       0 |   0.0
            +---------+---------+-------+---------+---------+-------
        D:1 |      41 |       0 |   0.0 |      25 |       0 |   0.0
        D:2 |      16 |       0 |   0.0 |       8 |       0 |   0.0
        D:3 |       3 |       0 |   0.0 |       1 |       0 |   0.0
            +---------+---------+-------+---------+---------+-------
